Map: Seeds of Aiur

Players

herlien

  • Race: Protoss Protoss
  • Spawn Location: 7:00

ILIEKEGGPIE

  • Race: Protoss Protoss
  • League: Platinum
  • Spawn Location: 7:00

Peacedata

  • Race: Zerg Zerg
  • League: Diamond
  • Spawn Location: 1:00

Федор

  • Race: Terran Terran
  • League: Gold
  • Spawn Location: 1:00

VOD

Have the link to the VOD?

Description

Time

  • Played on: May 25, 2018, 6:42 p.m.
  • Length: 5:49
Show
View Real Time Build Order
Export as new Build Order

herlien Protoss 

Build Orders: 1 Gate Expand 

Get SALT Encoding   

  12  0:01  Probe  
  13  0:17  Probe  
  13  0:18  Pylon  
  14  0:25  Probe  
  14  0:34  Probe  
  16  0:43  Gateway  
  16  0:47  Probe  
  17  1:13  Nexus  
  17  1:19  Assimilator  
  17  1:23  Probe  
  18  1:33  Cybernetics Core  
  18  1:35  Zealot, Probe  
  21  1:44  Probe  
  21  1:52  Pylon  
  22  1:56  Assimilator  
  22  1:58  Probe  
  23  2:10  Warp Gate  
  23  2:17  Probe  
  23  2:19  Stalker  
  23  2:22  Probe  
  26  2:26  Probe  
  28  2:30  Probe  
  28  2:34  Probe  
  29  2:40  Probe  
  29  2:44  Probe  
  31  2:49  Stalker  
  34  2:52  Probe  
  34  2:56  Probe  
  36  3:04  Probe  
  37  3:08  Probe  
  38  3:13  Gateway x2, Probe  
  39  3:20  Probe  
  39  3:21  Probe  
  41  3:29  Forge  
  41  3:41  Probe  
  41  3:42  Probe  
  41  3:45  Twilight Council  
  43  3:50  Probe  
  43  3:52  Pylon  
  43  3:55  Assimilator  
  44  3:56  Assimilator, Probe  
  44  3:58  Probe  
  46  4:10  Probe  
  47  4:22  Pylon  
  47  4:27  Pylon  
  47  4:35  Stalker x3  
  51  4:57  Photon Cannon  
  51  4:58  Photon Cannon  
  51  5:00  Photon Cannon  
  51  5:01  Pylon  
  51  5:03  Stalker x3  
  51  5:06  Probe  
  48  5:28  Stalker x3  
Show
View Real Time Build Order
Export as new Build Order

ILIEKEGGPIE Protoss 

Build Orders:  

Get SALT Encoding   

  12  0:01  Probe  
  13  0:13  Probe  
  14  0:19  Pylon  
  14  0:24  Probe  
  15  0:33  Probe  
  15  0:41  Probe  
  15  0:42  Gateway  
  17  0:50  Assimilator  
  17  0:58  Pylon  
  17  1:01  Probe  
  18  1:15  Gateway  
  18  1:19  Probe  
  18  1:22  Assimilator  
  19  1:31  Cybernetics Core  
  19  1:35  Probe  
  20  1:47  Probe  
  21  1:59  Probe  
  21  2:00  Stalker x2  
  26  2:10  Warp Gate  
  26  2:30  Stalker  
  26  2:35  Robotics Facility  
  28  2:37  Gateway  
  28  2:45  Stalker  
  30  3:05  Pylon  
  30  3:23  Stalker  
  30  3:24  Adept  
  34  3:35  Stalker  
  34  3:37  Warp Prism  
  38  3:42  Pylon  
  38  4:26  Pylon  
  24  4:56  Stalker x2  
  24  4:57  Adept  
  30  5:04  Sentry  
  30  5:25  Adept  
Show
View Real Time Build Order
Export as new Build Order

Peacedata Zerg 

Build Orders: Hatch First, Zergling Baneling 

Get SALT Encoding   

  12  0:01  Drone  
  13  0:13  Overlord  
  13  0:27  Drone  
  14  0:31  Drone x2  
  16  0:39  Drone  
  17  0:56  Hatchery  
  16  0:58  Drone  
  16  1:00  Drone  
  18  1:12  Extractor  
  18  1:16  Spawning Pool  
  16  1:19  Drone  
  16  1:24  Drone  
  18  1:32  Drone  
  19  1:46  Drone  
  20  1:55  Drone  
  21  2:07  Queen, Zergling x2  
  24  2:11  Overlord  
  24  2:16  Zergling x2  
  24  2:18  Queen  
  24  2:21  Zergling x2  
  28  2:41  Zergling x2  
  28  2:42  Zergling x6  
  32  2:44  Metabolic Boost  
  32  2:49  Baneling Nest  
  31  2:55  Zergling x4  
  33  2:58  Overlord  
  33  3:04  Overlord  
  33  3:18  Zergling x2  
  33  3:19  Zergling x2  
  35  3:20  Overlord  
  35  3:23  Zergling x6  
  35  3:24  Zergling x2  
  39  3:40  Zergling x8  
  43  3:50  Zergling x4  
  43  4:04  Overlord x2  
  42  4:13  Zergling x2  
  43  4:17  Baneling  
  43  4:18  Baneling x5  
  43  4:19  Baneling x5  
  43  4:20  Overlord  
  43  4:26  Zergling x4  
  43  4:27  Zergling x2  
  46  4:34  Zergling x4  
  46  4:53  Zergling x8  
  49  5:01  Baneling x4  
  45  5:17  Zergling x8  
  48  5:23  Zergling x4  
Show
View Real Time Build Order
Export as new Build Order

Федор Terran 

Build Orders:  

Get SALT Encoding   

  12  0:03  SCV  
  13  0:15  SCV  
  14  0:27  SCV  
  15  0:40  Supply Depot  
  15  0:45  Refinery  
  15  1:03  Barracks  
  15  1:12  Barracks  
  15  1:19  Barracks  
  15  1:27  SCV  
  17  1:40  SCV  
  17  1:50  Barracks Reactor  
  17  1:52  Supply Depot, SCV  
  18  1:59  Barracks Reactor  
  18  2:04  SCV  
  19  2:18  Barracks Tech Lab  
  19  2:28  Refinery  
  22  2:30  Orbital Command  
  19  2:32  Marine x2  
  19  2:36  Marine x2  
  23  2:39  Marauder  
  23  2:40  Concussive Shells  
  25  2:51  Marine x2  
  25  2:57  Supply Depot  
  27  3:00  Marine x2  
  29  3:07  Marauder  
  31  3:20  Marine x2, Supply Depot  
  31  3:27  Marine x2  
  33  3:33  Marauder  
  37  3:41  Marine x2  
  38  3:45  Marine  
  38  3:46  Marine  
  41  3:55  Marauder  
  43  4:04  Supply Depot  
  43  4:05  Marine x2  
  43  4:06  Marine  
  45  4:58  Marine x2  
  45  4:59  Marine x2  
  48  5:16  Marine x2  
  48  5:17  Marine x2  
Tags
 
Add a new tag
Caveats
  • Supply blocks, unpowered buildings, or Contaminate may cause inaccurate times.
  • Supply counts are checked every 10 seconds.